 Dungeon Crawl Stone Soup version 0.30.0-16-gbe6223bb7e (webtiles) character file.

Game seed: 5570763999179409096

663 jlumianski the Chopper (level 7, -6/54 HPs)
             Began as a Demonspawn Fighter on May 20, 2023.
             Was an Initiate of Qazlal.
             Mangled by a wyvern (7 damage)
             ... on level 7 of the Dungeon.
             The game lasted 00:14:47 (3855 turns).

jlumianski the Chopper (Demonspawn Fighter)         Turns: 3855, Time: 00:14:47

Health: -6/54      AC:  9    Str: 16 (18) XL:     7   Next: 31%
Magic:  7/7        EV: 14    Int:  8 (10) God:    Qazlal [......]
Gold:   186        SH:  0    Dex: 12      Spells: 6/6 levels left

rFire   . . .        a - +0 war axe
rCold   . . .        (no shield)
rNeg    . . .        b - +0 scale mail
rPois   .            s - +1 helmet
rElec   .            (no cloak)
rCorr   .            (no gloves)
SInv    .            (no boots)
Will    .....        (no amulet) Stlth
                     (no ring)
HPRegen 0.29/turn    (no ring)
MPRegen 0.10/turn

%: no passive effects
@: agile
A: powered by death 1, powered by pain 1, demonic touch 2
a: Renounce Religion


You were on level 7 of the Dungeon.
You worshipped Qazlal.
Qazlal was noncommittal.
You visited 1 branch of the dungeon, and saw 7 of its levels.

You collected 186 gold pieces.

Inventory:

Hand Weapons
 a - a +0 war axe (weapon)
 h - a +0 vampiric hand axe
 y - a +0 spear of freezing
Missiles
 e - 47 stones
 v - 6 poisoned darts (quivered)
 w - 2 throwing nets
 A - 4 javelins
Armour
 b - a +0 scale mail (worn)
 c - a +0 buckler
 m - an orb of guile
 s - a +1 helmet (worn)
Jewellery
 g - a ring of fire
Wands
 B - a wand of digging (2)
Scrolls
 f - a scroll of fear
 j - a scroll of torment
 l - a scroll of immolation
 n - a scroll of teleportation
 p - a scroll of brand weapon
 u - 2 scrolls of fog
 F - a scroll of butterflies
 H - a scroll of amnesia
Potions
 d - a potion of might
 i - a potion of degeneration
 k - a potion of curing
 o - a potion of heal wounds
 q - a potion of mutation
 r - a potion of haste
 x - a potion of invisibility {unknown}
 z - a potion of cancellation {unknown}
 C - a potion of berserk rage
 D - a potion of lignification {unknown}
 G - a potion of brilliance {unknown}


   Skills:
 + Level 4.1 Fighting
 + Level 5.2 Axes
 + Level 4.3 Armour
 + Level 1.4 Dodging
 - Level 0.1 Stealth
 - Level 3.6 Shields


You had 6 spell levels left.
You didn't know any spells.
Your spell library contained the following spells:

 Spells                   Type           Power      Damage    Failure   Level
 Lesser Beckoning         Tloc           0%         N/A       92%         2
 Gell's Gravitas          Tloc           0%         N/A       99%         3
 Teleport Other           Tloc           0%         N/A       99%         3


Dungeon Overview and Level Annotations

Branches:
Dungeon (7/15)
 Temple: D:4-7

Altars:
Kikubaaqudgha
Makhleb
Qazlal
Trog

Shops:
D:5 (

Annotations:
D:2 1 runed translucent door, Crazy Yiuf


Innate Abilities, Weirdness & Mutations

You regenerate a little health from kills.
You sometimes gain a little power by taking damage.
Your touch may inflict irresistible damage on your foes.


Message History

You feel sick.
Things that are here:
a +0 dagger; a +0 robe You feel sick.
You are no longer poisoned.
Things that are here:
a +2 dagger of venom; a +0 ring mail
Things that are here:
a +0 dagger; a +0 robe
There is an open door here.
You feel a little less mighty now.
HP restored.
A wyvern comes into view.
The wyvern hisses angrily.
The wyvern moves out of view.
You completely miss the wyvern. The wyvern closely misses you.
The wyvern bites you.
You barely miss the wyvern. Your touch misses the wyvern.
The wyvern bites you but does no damage.
The wyvern bites you!
You slash the wyvern!
The wyvern is moderately wounded.
The wyvern bites you!
You hit the wyvern.
The wyvern is heavily wounded.
The wyvern misses you. The wyvern bites you!
You barely miss the wyvern.
The wyvern is heavily wounded.
You hear the creaking of a portcullis nearby.
The wyvern bites you!
* * * LOW HITPOINT WARNING * * *
You focus on the pain.
You feel agile all of a sudden. The wyvern closely misses you.
You hit the wyvern.
The wyvern is heavily wounded.
The wyvern bites you!
* * * LOW HITPOINT WARNING * * *
The wyvern bites you!
You die...

## ## # #. ...
#.#.#####... ########
.#........# ≈......
.......... ≈..≈..#
......... ≈≈....# <#
###l....... ##≈...# .#
#..@....... ≈≈#...#
#.###.########.
>≈≈...##+#.............
_≈≈≈≈......###.########
≈≈≈≈.......# #.........
#≈#≈≈......####...#####
..≈≈..........+........ .
......#########...#####.#
≈........))...'.........#


You could see a wyvern.

Vanquished Creatures
  A sky beast (D:3)
  An ogre (D:6)
  A hound (D:5)
  2 orc priests
  A gnoll bouda (D:3)
  2 iguanas
  2 sleepcaps (D:4)
  3 orc wizards
  8 gnolls
  2 adders
  A shadow imp (D:6)
  A worm (D:3)
  12 orcs
  4 bats
  2 endoplasms
  4 giant cockroaches
  3 hobgoblins
  2 quokkas
  7 ball pythons
  6 frilled lizards
  10 goblins
  6 kobolds
  9 rats
90 creatures vanquished.

Notes
Turn   | Place    | Note
-------+----------+-------------------------------------------
     0 | D:1      | jlumianski the Demonspawn Fighter began the quest for the
                  | Orb.
     0 | D:1      | Reached XP level 1. HP: 18/18 MP: 1/1
    19 | D:1      | Gained mutation: You sometimes gain a little power by
                  | taking damage. [demonic ancestry]
    19 | D:1      | Reached XP level 2. HP: 18/24 MP: 2/2
   124 | D:1      | Reached skill level 2 in Axes
   277 | D:2      | Reached XP level 3. HP: 29/29 MP: 3/3
   353 | D:2      | Found a runed translucent door.
   354 | D:2      | Noticed Crazy Yiuf
   630 | D:3      | Gained mutation: Your touch may inflict minor irresistible
                  | damage on your foes. [demonic ancestry]
   630 | D:3      | Reached XP level 4. HP: 35/35 MP: 4/4
   810 | D:3      | Found a bloodstained altar of Trog.
   810 | D:3      | Found a burning altar of Makhleb.
  1504 | D:1      | Found a faded altar of an unknown god.
  2006 | D:2      | Reached skill level 3 in Axes
  2195 | D:3      | Gained mutation: Your touch may inflict irresistible damage
                  | on your foes. [demonic ancestry]
  2195 | D:3      | Reached XP level 5. HP: 38/41 MP: 5/5
  2587 | D:5      | Entered Level 5 of the Dungeon
  2622 | D:5      | Found Plog's Antique Weapon Emporium.
  2733 | D:3      | Found an ancient bone altar of Kikubaaqudgha.
  2878 | D:3      | Noticed a sky beast
  2934 | D:3      | Killed a sky beast
  2935 | D:3      | Reached skill level 4 in Axes
  2935 | D:3      | Reached skill level 1 in Dodging
  2935 | D:3      | Gained mutation: You regenerate a little health from kills.
                  | [demonic ancestry]
  2935 | D:3      | Reached XP level 6. HP: 17/48 MP: 6/6
  3571 | D:6      | Reached XP level 7. HP: 28/54 MP: 7/7
  3597 | D:7      | Found a stormy altar of Qazlal.
  3714 | D:7      | Became a worshipper of Qazlal Stormbringer
  3791 | D:6      | Reached skill level 5 in Axes
  3848 | D:7      | Noticed a wyvern
  3855 | D:7      | HP: 1/54 [wyvern (9)]
  3855 | D:7      | Mangled by a wyvern

Illustrated notes

Levels and vault maps discovered:
D:1:      lightli_arrival_chessboard, layout_basic,
          shapermc_ecumenical_altar_mp_ritualfount, minivault_25,
          minmay_domino_4
D:2:      layout_loops_ring, chequers_garden, uniq_crazy_yiuf_cottage
D:3:      layout_loops_ring, tso_oasis_becter,
          chequers_temple_overflow_statue_of_worship, serial_bayou_pond_a
D:4:      layout_gridville, eino_small_chamber_without_monster
D:5:      layout_gridville, serial_shops, shop, hellmonk_no_cap
D:6:      layout_loops_cross, gammafunk_ghost_cemetery,
          chequers_decorated_corner, chequers_hall_statues_y, uniq_pikel,
          uniq_duvessa
D:7:      layout_basic, nicolae_qazlal_general_emergency,
          minmay_temple_entry_fiery, enter_bailey_6

Skill      XL: |  1  2  3  4  5  6  7 |
---------------+----------------------+-----
Armour         | 3 4 |  4.3
Axes           | 2 3 4 5 |  5.2
Shields        | 3 |  3.6
Dodging        | 1 |  1.4
Fighting       | 4 |  4.1
Stealth        | |  0.1

Action                     |  1- 3 |  4- 6 |  7- 9 || total
---------------------------+-------+-------+-------++-------
  Melee: War axe           |    98 |   207 |    30 ||   335
         Touch             |       |     4 |     6 ||    10
  Throw: Dart              |       |     2 |     1 ||     3
    Use: Potion            |       |     2 |     4 ||     6
         Scroll            |       |       |    10 ||    10
 Armour: Scale mail        |    70 |   104 |    14 ||   188
  Dodge: Dodged            |    44 |    86 |    15 ||   145
  Block: Buckler           |    26 |    45 |       ||    71
